 Dungeon Sprint DCSS version 0.28-a0-1190-g77e1c55843 (webtiles) character file.

Game seed: 3605654132518680919

56 SmokeWeed the Covered (level 3, -10/37 HPs)
             Began as a Minotaur Fighter on Dec 18, 2021.
             Was an Initiate of Okawaru.
             Killed from afar by an acid dragon (25 damage)
             ... with a splash of acid
             ... in the Dungeon (Sprint IX: "|||||||||||||||||||||||||||||").
             The game lasted 00:02:03 (343 turns).

SmokeWeed the Covered (Minotaur Fighter)             Turns: 343, Time: 00:02:03

Health: -10/37     AC:  9    Str: 22    XL:     3   Next: 71%
Magic:  2/2        EV: 12    Int:  8    God:    Okawaru [......]
Gold:   0          SH:  5    Dex:  9    Spells: 2/2 levels left

rFire   . . .      SeeInvis .   m - +2 scimitar (flame)
rCold   . . .      Faith    .   c - +0 buckler
rNeg    . . .      Spirit   .   o - +2 ring mail
rPois   .          Reflect  .   (helmet restricted)
rElec   .          Harm     .   (no cloak)
rCorr   .          Rampage  .   (no gloves)
Will    .....      NoTele   +   n - +0 pair of boots
Stlth   ..........              (no amulet)
HPRegen 0.12/turn               p - +2 ring of evasion
MPRegen 0.08/turn               q - +3 ring of intelligence

@: no status effects
A: horns 2, retaliatory headbutt
a: Renounce Religion


You were in the Dungeon.
You worshipped Okawaru.
Okawaru was noncommittal.
You visited 1 branch

Inventory:

Hand Weapons
 a - a +0 long sword
 m - a +2 scimitar of flaming (weapon)
Armour
 b - a +0 scale mail
 c - a +0 buckler (worn)
 n - a +0 pair of boots (worn)
 o - a +2 ring mail (worn)
Jewellery
 p - a +2 ring of evasion (left hand)
 q - a +3 ring of intelligence (right hand)
Wands
 l - a wand of acid (8) (quivered)
Scrolls
 j - 2 scrolls of blinking
 k - 2 scrolls of amnesia
Potions
 d - a potion of invisibility
 e - 5 potions of curing
 f - 3 potions of heal wounds
 g - a potion of haste
 h - 4 potions of magic
 i - a potion of berserk rage


   Skills:
 + Level 5.9 Fighting
 + Level 4.1 Long Blades
 + Level 6.1 Armour
 + Level 5.7 Shields


You had 2 spell levels left.
You didn't know any spells.
Your spell library was empty.

Dungeon Overview and Level Annotations

Branches:
Dungeon (1/1)

Altars:
Cheibriados
Dithmenos
Elyvilon
Fedhas
Gozag
Hepliaklqana
Kikubaaqudgha
Makhleb
Nemelex Xobeh
Okawaru
Qazlal
Ru
Sif Muna
Trog
Uskayaw
Vehumet
Wu Jian
Xom
Yredelemnul
Zin
The Shining One
Beogh
Jiyva
Lugonu


Innate Abilities, Weirdness & Mutations

You have a pair of horns on your head.
You reflexively headbutt those who attack you in melee.


Message History

The bolt of acid hits the acid dragon.
The acid dragon is lightly wounded.
The bolt of acid hits the kobold brigand!
The acid corrodes the kobold brigand!
The kobold brigand is heavily wounded.
You hear some strange, mumbled words.
You are confused.
The centaur shoots an arrow.
You're too confused to move!
The centaur shoots an arrow.
The arrow misses you.
You bump into the unnaturally hard rock wall.
The centaur shoots an arrow.
Something hits you but does no damage.
The centaur shoots an arrow.
The arrow hits you.
The centaur shoots an arrow.
The arrow hits you.
You bump into the unnaturally hard rock wall.
The centaur shoots an arrow.
Reactivating autopickup.
The centaur shoots an arrow.
The arrow closely misses you.
The centaur shoots an arrow.
The arrow hits you but does no damage.
Things that are here:
a +0 dagger; a +0 robe; an orc corpse You feel less confused.
The centaur shoots an arrow.
The arrow hits you!
The centaur shoots an arrow.
The arrow hits you!
There is an open door to the Dungeon, spattered with blood here.
Aiming: Corrosive Bolt
Press: ? - help, Q - select action Shift-Dir - straight line, f/p - kobold brigand
Aim: a kobold brigand, wielding a +1 short sword of electrocution and quivering poisoned darts (heavily wounded, covered in acid, 64% to hit)
The bolt of acid hits the centaur!
The centaur seems to be corroded for longer.
You kill the centaur!
Okawaru is honoured by your kill.
The bolt of acid hits the acid dragon!
The acid dragon is heavily wounded.
The bolt of acid hits the kobold brigand!
The kobold brigand is almost dead.
The bolt of acid misses the orc wizard.
The acid dragon spits acid at you. The splash of acid hits you!!
Ouch! That really hurt!
You die...

▓.▓
▓)▓
▓.▓
▓[▓
▓.▓
▓.▓
▓.▓
▓)▓
▓@▓
▓.▓
▓)▓
▓D▓
▓K▓
▓o▓
▓Z▓
▓+▓


You could see an acid dragon (catching breath), a kobold brigand (corroded), an
orc wizard and an adder zombie.

Vanquished Creatures
  A centaur (D)
  A hound (D)
  An adder (D)
  A white imp (D)
  An orc (D)
  A ball python (D)
  A bat zombie (D)
  An endoplasm (D)
  A giant cockroach (D)
  A hobgoblin (D)
  A quokka (D)
11 creatures vanquished.

Vanquished Creatures (others)
  An orc wizard (D)
1 creature vanquished.

Grand Total: 12 creatures vanquished

Notes
Turn   | Place    | Note
-------+----------+-------------------------------------------
     0 | D        | SmokeWeed the Minotaur Fighter began the quest for the Orb.
     0 | D        | Reached XP level 1. HP: 19/19 MP: 0/0
     8 | D        | Reached skill level 4 in Armour
   147 | D        | Noticed a hound
   149 | D        | Reached XP level 2. HP: 28/28 MP: 1/1
   154 | D        | Reached skill level 5 in Fighting
   154 | D        | Reached skill level 5 in Armour
   154 | D        | Reached skill level 5 in Shields
   154 | D        | Reached XP level 3. HP: 31/37 MP: 2/2
   156 | D        | Reached skill level 6 in Armour
   165 | D        | Found a snail-covered altar of Cheibriados.
   165 | D        | Found a shadowy altar of Dithmenos.
   165 | D        | Found a white marble altar of Elyvilon.
   165 | D        | Found a blossoming altar of Fedhas.
   165 | D        | Found an opulent altar of Gozag.
   166 | D        | Found a hazy altar of Hepliaklqana.
   167 | D        | Found a viscous altar of Jiyva.
   168 | D        | Found an ancient bone altar of Kikubaaqudgha.
   169 | D        | Found a corrupted altar of Lugonu.
   170 | D        | Found a burning altar of Makhleb.
   171 | D        | Found a sparkling altar of Nemelex Xobeh.
   172 | D        | Found an iron altar of Okawaru.
   173 | D        | Found a stormy altar of Qazlal.
   174 | D        | Found a sacrificial altar of Ru.
   175 | D        | Found a shimmering blue altar of Sif Muna.
   176 | D        | Found a bloodstained altar of Trog.
   177 | D        | Found a hide-covered altar of Uskayaw.
   178 | D        | Found a radiant altar of Vehumet.
   179 | D        | Found an ornate altar of the Wu Jian Council.
   184 | D        | Found a shimmering altar of Xom.
   186 | D        | Became a worshipper of Warmaster Okawaru
   188 | D        | Found a basalt altar of Yredelemnul.
   189 | D        | Found a glowing silver altar of Zin.
   190 | D        | Found a glowing golden altar of the Shining One.
   335 | D        | Noticed a centaur
   335 | D        | Noticed an acid dragon
   335 | D        | Noticed a kobold brigand
   343 | D        | Killed a centaur
   343 | D        | Killed from afar by an acid dragon

Illustrated notes

Levels and vault maps discovered:
D:        linesprint [early_d, line_temple, items_1, d_10, items_2, lair_1,
          lair_end, items_3, orc_1, orc_end, items_4, d_15, swamp_1, shoals_1,
          snake_1, spider_1, d_20, vaults_1, items_5, swamp_end, shoals_end,
          snake_end, spider_end, vaults_end, d_27, items_6, zot_1, zot_end,
          crypt_end, forest_end, elf_end, slime_end, tomb_end, abyss_end,
          pan_hell_end]

Skill      XL: |  1  2  3 |
---------------+----------+-----
Fighting       | 4 5 |  5.9
Armour         | 4 5 6 |  6.1
Shields        | 4 5 |  5.7
Long Blades    | 3 4 |  4.1

Action                   || total
-------------------------++-------
Melee: Long sword        ||    23
       Headbutt          ||     7
Evoke: Wand              ||     2
  Use: Potion            ||     1
Armor: Scale mail        ||    10
       Ring mail         ||     2
Dodge: Dodged            ||    10
Block: Buckler           ||     4

Table legend: (Time is in decaauts)
 A = Elapsed time spent in this place.
 B = Non-inter-level travel time spent in this place.
 C = Inter-level travel time spent in this place.
 D = Time resting spent in this place.
 E = Time spent auto-exploring this place.
 F = Levels seen in this place.
 G = Mean time per level.
                   A        B        C        D        E       F      G
               +--------+--------+--------+--------+--------+-----+--------+
         Total |    347 |    347 |      0 |    222 |      0 |   1 |  347.0 |
       Dungeon |    347 |    347 |      0 |    222 |      0 |   1 |  347.0 |
               +--------+--------+--------+--------+--------+-----+--------+

Top non-repeatable levels by time:
       D: 347 daAuts
